[Event "Team 45 45 League T49"]
[Site "Internet Chess Club"]
[Date "2011.06.19"]
[Round "6"]
[White "joaoazm"]
[Black "Deadly-Spike"]
[Result "0-1"]
[WhiteElo "1149"]
[BlackElo "1317"]
[Opening "Sicilian: Grand Prix attack"]
[ECO "B21"]
[Time "19:04:26"]
[TimeControl "2700+45"]

1. e4 c5 2. f4 d6 3. Bc4 Nc6 4. Qh5 e6 5. f5 Nf6 6. Qf3 Ne5 7. Qe2 Nxc4 8. Qxc4
exf5 9. exf5 Bxf5 10. Nc3 Be6 11. Qe2 Be7 12. Ne4 O-O 13. d3 Nxe4 14. dxe4 Bg5
15. Bxg5 Qxg5 16. Nf3 Qe7 17. h3 Rfe8 18. O-O-O Rad8 19. e5 Bf5 20. g4 Bg6 21.
Rhe1 Qc7 22. exd6 Qc6 23. Ne5 Qa4 24. Qc4 Qxc4 25. Nxc4 Rxe1 26. Rxe1 f6 27. Re7
b5 28. Ne3 Rxd6 29. Rxa7 h5 30. Nf5 Bxf5 31. gxf5 Rd5 32. Rb7 b4 33. a4 bxa3 34.
bxa3 c4 35. a4 Rxf5 36. Rb5 Rf3 37. Rxh5 Ra3 38. Kd2 Rxa4 39. Rh4 c3+ 40. Kxc3
Rxh4 {White resigns} 0-1

[Event "Team 45 45 League T49"]
[Site "Internet Chess Club"]
[Date "2011.06.20"]
[Round "6"]
[White "XGG123"]
[Black "Mclintock45"]
[Result "1-0"]
[WhiteElo "927"]
[BlackElo "854"]
[Opening "Ruy Lopez: Möller defense"]
[ECO "C78"]
[Time "13:00:13"]
[TimeControl "2700+45"]

1. e4 e5 2. Nf3 Nc6 3. Bb5 a6 4. Ba4 Nf6 5. O-O Bc5 6. Nc3 b5 7. Bb3 O-O 8. d3
d6 9. Bg5 Bg4 10. h3 Bxf3 11. Qxf3 Nd4 12. Qg3 b4 13. Bh6 bxc3 14. Qxg7# {Black
checkmated} 1-0

[Event "Team 45 45 League T49"]
[Site "Internet Chess Club"]
[Date "2011.06.20"]
[Round "6"]
[White "Cicero"]
[Black "Just-Jim"]
[Result "1-0"]
[WhiteElo "1397"]
[BlackElo "1354"]
[Opening "Sicilian defense"]
[ECO "B20"]
[Time "16:00:09"]
[TimeControl "2700+45"]

1. e4 c5 2. Na3 e5 3. c3 a6 4. Nf3 d6 5. Nc2 Bg4 6. Ne3 Bh5 7. Be2 h6 8. O-O Bg6
9. Nd5 Bxe4 10. Qa4+ Nc6 11. Qxe4 Nf6 12. Nxf6+ Qxf6 13. Re1 Qd8 14. d4 d5 15.
Qc2 e4 16. Ne5 c4 17. Nxc6 bxc6 18. Bg4 Bd6 19. Qa4 O-O 20. Qxc6 Bxh2+ 21. Kxh2
Qh4+ 22. Bh3 Qxf2 23. Be3 Qh4 24. Rf1 g5 25. Qxd5 g4 26. Rf4 g3+ 27. Kg1 Qe7 28.
Rg4+ Kh8 29. Qh5 Qd6 30. Bxh6 {Black resigns} 1-0

[Event "Team 45 45 League T49"]
[Site "Internet Chess Club"]
[Date "2011.06.16"]
[Round "6"]
[White "dabodhi"]
[Black "IanT"]
[Result "1-0"]
[WhiteElo "1211"]
[BlackElo "1270"]
[Opening "Bishop's opening: Berlin defense"]
[ECO "C24"]
[Time "20:13:22"]
[TimeControl "2700+45"]

1. e4 e5 2. Bc4 Nf6 3. d3 Bc5 4. Nc3 d6 5. f4 Nc6 6. Nf3 Bg4 7. f5 Nd4 8. h3
Bxf3 9. gxf3 Bb6 10. Bg5 h6 11. Bxf6 Qxf6 12. Nd5 Qh4+ 13. Kd2 Qf2+ 14. Kc1 Qxf3
15. Rh2 Qxd1+ 16. Kxd1 Nf3 17. Rg2 Ng5 18. h4 Nf3 19. Rxg7 Nxh4 20. Nf6+ Kf8 21.
Rxf7# {Black checkmated} 1-0

[Event "Team 45 45 League T49"]
[Site "Internet Chess Club"]
[Date "2011.06.20"]
[Round "6"]
[White "chips"]
[Black "theartist"]
[Result "0-1"]
[WhiteElo "1207"]
[BlackElo "1196"]
[Opening "Réti opening"]
[ECO "A05"]
[Time "14:31:39"]
[TimeControl "2700+45"]

1. Nf3 Nf6 2. g3 e6 3. Bg2 d5 4. d4 c5 5. c3 Nc6 6. O-O Qb6 7. Nbd2 cxd4 8. cxd4
Nxd4 9. Qa4+ Nc6 10. Nd4 Bd7 11. Nxc6 Bxc6 12. Qb3 Qxb3 13. Nxb3 Be7 14. Nd4 Rc8
15. Nf3 O-O 16. Bg5 h6 17. Be3 b6 18. Rac1 Bb5 19. Nd4 Bd7 20. Rxc8 Rxc8 21. Rc1
Rxc1+ 22. Bxc1 Bc5 23. Nb3 Bb5 24. Nxc5 bxc5 25. e3 Bd3 26. f4 Be4 27. b3 Bxg2
28. Kxg2 Ne4 29. Kf3 f5 30. h3 h5 31. g4 hxg4+ 32. hxg4 g6 33. g5 Kf7 34. Ke2
Nc3+ 35. Kd3 Nxa2 36. Ba3 Nb4+ 37. Bxb4 cxb4 38. Kd4 a5 39. Kc5 a4 40. Kxb4 axb3
41. Kxb3 Ke7 42. Kb4 Kd6 43. Kb5 e5 44. fxe5+ Kxe5 45. Kc5 Ke4 46. Kd6 f4 47.
exf4 Kxf4 48. Kxd5 Kxg5 49. Ke4 Kg4 50. Ke3 Kg3 51. Ke2 g5 52. Kf1 Kh2 53. Kf2
g4 54. Kf1 g3 55. Ke2 g2 56. Kd3 g1=Q 57. Kc4 Qd1 58. Kb5 Qc2 59. Ka6 Qb3 60.
Ka7 Kg3 61. Ka8 Kf4 62. Ka7 Ke5 63. Ka8 Kd6 64. Ka7 Kc6 65. Ka8 Qb7# {White
checkmated} 0-1

[Event "Team 45 45 League T49"]
[Site "Internet Chess Club"]
[Date "2011.06.19"]
[Round "6"]
[White "Tamarin"]
[Black "mitus"]
[Result "1/2-1/2"]
[WhiteElo "1831"]
[BlackElo "1789"]
[Opening "Bogo-Indian defense, Nimzovich variation"]
[ECO "E11"]
[Time "03:05:06"]
[TimeControl "2700+45"]

1. d4 Nf6 2. c4 e6 3. Nf3 Bb4+ 4. Bd2 Qe7 5. g3 Nc6 6. Nc3 Bxc3 7. Bxc3 Ne4 8.
Rc1 Nxc3 9. Rxc3 d6 10. Bg2 O-O 11. O-O e5 12. e3 e4 13. Nd2 Bf5 14. a3 a5 15.
Qc2 Rfe8 16. Qb3 Rab8 17. f3 exf3 18. Bxf3 Bh3 19. Rf2 Kh8 20. Qb5 f5 21. Rb3
Qf8 22. Re2 Bg4 23. Bxg4 fxg4 24. Rf2 Qe7 25. Qh5 Nxd4 26. exd4 Qe1+ 27. Rf1
Qxd2 28. Qxg4 Rf8 29. Rbf3 Rxf3 30. Rxf3 Re8 31. Rf2 Qc1+ 32. Kg2 Qxc4 33. Qd7
Qd5+ 34. Kh3 Qh5+ 35. Kg2 Qd5+ 36. Kh3 Qh5+ 37. Kg2 Qd5+ {Game drawn by
repetition} 1/2-1/2

[Event "Team 45 45 League T49"]
[Site "Internet Chess Club"]
[Date "2011.06.20"]
[Round "6"]
[White "clarinetref"]
[Black "badmove"]
[Result "1/2-1/2"]
[WhiteElo "1611"]
[BlackElo "1772"]
[Opening "Ruy Lopez: closed defense"]
[ECO "C84"]
[Time "16:08:26"]
[TimeControl "2700+45"]

1. e4 e5 2. Nf3 Nc6 3. Bb5 a6 4. Ba4 Nf6 5. O-O Be7 6. d3 d6 7. h3 b5 8. Bb3 Na5
9. c3 Nxb3 10. Qxb3 O-O 11. Be3 Nh5 12. a4 Bd7 13. axb5 axb5 14. Nbd2 c6 15. c4
Be6 16. Qc2 b4 17. d4 Qc7 18. b3 {Game drawn by mutual agreement} 1/2-1/2

[Event "Team 45 45 League T49"]
[Site "Internet Chess Club"]
[Date "2011.06.20"]
[Round "6"]
[White "MateIn42"]
[Black "tryanything"]
[Result "0-1"]
[WhiteElo "1376"]
[BlackElo "1613"]
[Opening "Scotch: Paulsen attack"]
[ECO "C45"]
[Time "19:01:22"]
[TimeControl "2700+45"]

1. e4 e5 2. Nf3 Nc6 3. d4 exd4 4. Nxd4 Bc5 5. Be3 Qf6 6. c3 Nge7 7. Bb5 a6 8.
Bxc6 Nxc6 9. O-O O-O 10. Nf5 Bxe3 11. Nxe3 d6 12. Nd2 b5 13. Qf3 Qxf3 14. Nxf3
Ne5 15. Nxe5 dxe5 16. Nd5 c6 17. Ne7+ Kh8 18. Nxc6 f6 19. Ne7 Re8 20. Nd5 Ra7
21. Rad1 Be6 22. Rd2 h6 23. Rfd1 Rd8 24. f3 Rad7 25. Kf2 f5 26. Ke2 fxe4 27.
fxe4 Bg4+ 28. Ke3 Bxd1 29. Rxd1 g5 30. g4 Kg7 31. Rf1 Rf7 32. Rf5 Rxf5 33. gxf5
g4 34. h3 gxh3 35. Kf3 Rxd5 36. exd5 e4+ 37. Kg3 e3 38. d6 Kf6 39. d7 Ke7 40.
f6+ Kxd7 41. f7 Ke7 42. f8=Q+ Kxf8 {White resigns} 0-1

[Event "Team 45 45 League T49"]
[Site "Internet Chess Club"]
[Date "2011.06.19"]
[Round "6"]
[White "Aquaman"]
[Black "Lee-D"]
[Result "0-1"]
[WhiteElo "1267"]
[BlackElo "1333"]
[Opening "Réti: King's Indian attack, Yugoslav variation"]
[ECO "A07"]
[Time "15:00:21"]
[TimeControl "2700+45"]

1. Nf3 d5 2. g3 c6 3. Bg2 Nf6 4. O-O Bg4 5. h3 Bd7 6. d3 h6 7. Nbd2 Bf5 8. Re1
e6 9. e4 dxe4 10. dxe4 Bh7 11. Qe2 Be7 12. c3 O-O 13. e5 Nfd7 14. Nf1 Qc7 15.
N1h2 Rd8 16. Ng4 Nc5 17. Rd1 Nbd7 18. Bf4 Nf8 19. Be3 Rd7 20. Bd4 Rad8 21. Rd2
Ne4 22. Rdd1 Ng5 23. h4 Nxf3+ 24. Qxf3 c5 25. Be3 Ng6 26. Bf4 Nxf4 27. gxf4 Bxh4
28. Rxd7 Rxd7 29. Nxh6+ Kf8 30. Ng4 b6 31. Qh3 Qd8 32. Ne3 Rd2 33. Rd1 Rxd1+ 34.
Nxd1 Qxd1+ 35. Bf1 Qh5 36. f3 Bf5 37. Qh2 Qg6+ 38. Kh1 Qh5 39. Bg2 Qh7 40. a3 g5
41. fxg5 Bxg5 42. Qxh7 Bxh7 43. b4 Bf4 44. bxc5 bxc5 45. c4 Bd3 46. Kg1 Bxe5 47.
Bf1 Bxf1 48. Kxf1 Bf4 49. Ke2 Ke7 50. a4 a5 51. Kd3 Kd6 52. Ke4 Bg3 53. f4 e5
54. f5 f6 55. Ke3 Bf4+ 56. Ke4 Ke7 57. Kd5 Bg3 58. Ke4 Kf7 59. Kf3 Bf4 60. Ke4
Kg7 61. Kf3 Kh6 62. Kg4 Bg5 63. Kf3 Kh5 64. Ke4 Bf4 65. Kd5 Kg5 66. Ke4 Bh2 67.
Kd5 Bg1 68. Ke4 Kg4 {White resigns} 0-1

[Event "Team 45 45 League T49"]
[Site "Internet Chess Club"]
[Date "2011.06.17"]
[Round "6"]
[White "Razorbackchess"]
[Black "vaknight"]
[Result "1/2-1/2"]
[WhiteElo "1830"]
[BlackElo "1774"]
[Opening "Dutch with c4 & Nc3"]
[ECO "A85"]
[Time "20:06:03"]
[TimeControl "2700+45"]

1. d4 f5 2. c4 Nf6 3. Nc3 g6 4. h4 Bg7 5. h5 Nxh5 6. e4 d6 7. Rxh5 gxh5 8. Qxh5+
Kf8 9. Bh6 Qe8 10. Qxe8+ Kxe8 11. Bxg7 Rg8 12. Bh6 Rg6 13. Be3 fxe4 14. Nxe4 Bf5
15. Ng3 Bc2 16. b3 Rg8 17. N1e2 Nd7 18. Nf4 e5 19. dxe5 Nxe5 20. Nd5 Kd8 21. Nf6
Rg7 22. Ngh5 Re7 23. Kd2 Bf5 24. Nd5 Rf7 25. Bg5+ Kc8 26. Ng3 Bg6 27. Ne7+ Kd7
28. Nxg6 Nxg6 29. Be2 Rxf2 30. Rg1 {Game drawn by mutual agreement} 1/2-1/2

[Event "Team 45 45 League T49"]
[Site "Internet Chess Club"]
[Date "2011.06.19"]
[Round "6"]
[White "Giacometti"]
[Black "parrot9"]
[Result "1-0"]
[WhiteElo "1670"]
[BlackElo "1560"]
[Opening "Bird's opening"]
[ECO "A03"]
[Time "08:39:19"]
[TimeControl "2700+45"]

1. f4 d5 2. Nf3 Nf6 3. g3 c5 4. Bg2 Nc6 5. O-O Qc7 6. Nc3 a6 7. d3 b5 8. e4 d4
9. Ne2 Bb7 10. f5 O-O-O 11. Bf4 Qd7 12. e5 Nd5 13. e6 fxe6 14. fxe6 Qe8 15. Ng5
Nxf4 16. Nxf4 g6 17. Nf7 Bg7 18. Nxd8 Qxd8 19. Be4 Ne5 20. Qe2 g5 21. Bxb7+ Kxb7
22. Qe4+ Kb8 23. Nh5 Qg8 24. Nxg7 Qxg7 25. Rae1 Ng6 26. Qc6 h5 27. Qb6+ Kc8 28.
Qxa6+ Kc7 29. Qxb5 h4 30. Qxc5+ Kb7 31. Qb5+ Kc7 32. Qd7+ Kb8 33. Rf5 {Black
resigns} 1-0

[Event "Team 45 45 League T49"]
[Site "Internet Chess Club"]
[Date "2011.06.21"]
[Round "6"]
[White "SeniorCitizen"]
[Black "kwameh72"]
[Result "0-1"]
[WhiteElo "1333"]
[BlackElo "1638"]
[Opening "Scandinavian: Pytel-Wade variation"]
[ECO "B01"]
[Time "13:34:22"]
[TimeControl "2700+45"]

1. e4 d5 2. exd5 Qxd5 3. Nc3 Qd6 4. d4 Nf6 5. Nf3 a6 6. Bd3 Bg4 7. O-O Nc6 8.
Be3 O-O-O 9. Ne4 Qb4 10. Neg5 Bh5 11. Qc1 h6 12. c3 Qd6 13. Ne4 Qd7 14. Qd1 e5
15. Qe2 Ng4 16. Bxa6 Nxe3 17. fxe3 f5 18. Bxb7+ Kxb7 19. Qb5+ Kc8 20. Qa6+ Kb8
21. Qb5+ Ka7 22. Nc5 Bxc5 23. Qxc5+ Kb7 24. Qb5+ Ka7 25. Qc5+ Ka8 26. Nxe5 Nxe5
27. Qxe5 Rhf8 28. Qa5+ Kb8 29. e4 Be2 30. Rf2 Qb5 31. Qxb5+ Bxb5 32. e5 Bd3 33.
Rd1 Be4 34. Re1 c5 35. Rd1 Rd5 36. Rdd2 Rfd8 37. b4 cxb4 38. cxb4 Rxd4 39. Rxd4
Rxd4 40. Rb2 Kb7 41. a4 Rd5 42. Kf2 Rxe5 43. g3 g5 44. Ke3 Bc6+ 45. Kd4 Re4+ 46.
Kc5 Bxa4 47. Ra2 Bb3 48. Ra5 {White resigns} 0-1

[Event "Team 45 45 League T49"]
[Site "Internet Chess Club"]
[Date "2011.06.21"]
[Round "6"]
[White "BrianWood"]
[Black "The-Capitalist"]
[Result "1-0"]
[WhiteElo "1560"]
[BlackElo "1304"]
[Opening "QGD semi-Slav"]
[ECO "D43"]
[Time "20:53:21"]
[TimeControl "2700+45"]

1. d4 d5 2. c4 c6 3. Nf3 Nf6 4. Nc3 e6 5. Bg5 h6 6. Bxf6 Qxf6 7. e3 Nd7 8. Bd3
dxc4 9. Bxc4 g6 10. O-O Bg7 11. b4 O-O 12. Rc1 Qe7 13. Qb3 b6 14. Bd3 Bb7 15.
Ne4 a5 16. bxa5 Rxa5 17. Ned2 Rfa8 18. Ra1 Qa3 19. Qxa3 Rxa3 20. Bc4 b5 21. Bb3
c5 22. Rab1 c4 23. Nxc4 bxc4 24. Bxc4 Ba6 25. Bxa6 R8xa6 26. Rb7 Rxa2 27. Rxd7
Ra1 28. g4 Rxf1+ 29. Kxf1 Ra1+ 30. Kg2 Kf8 31. g5 h5 32. Rc7 f6 33. Nh4 Ra5 34.
Nxg6+ Kg8 35. Ne7+ Kh7 36. g6+ Kh6 37. d5 exd5 38. Nf5+ Kxg6 39. Nxg7 Ra4 40.
Ne6 Ra6 41. Nf4+ Kf5 42. Nxd5 Rd6 43. Nf4 h4 44. Rc5+ Ke4 45. Rh5 h3+ 46. Rxh3
Rd7 47. Nh5 Rf7 48. Rh4+ Ke5 49. Rf4 f5 50. Ng3 Rg7 51. Rxf5+ Ke6 52. Ra5 Rg8
53. h4 Kf6 54. h5 Rh8 55. f4 Rg8 56. Kf3 Rh8 57. e4 Rd8 58. Kg4 Rg8+ 59. Rg5 Rd8
60. e5+ Ke6 61. Rg6+ Kf7 62. Kf5 Rd3 63. Ne4 Rh3 64. Ng5+ {Black resigns} 1-0

[Event "Team 45 45 League T49"]
[Site "Internet Chess Club"]
[Date "2011.06.18"]
[Round "6"]
[White "kingsrook"]
[Black "sockmonkey"]
[Result "1-0"]
[WhiteElo "1323"]
[BlackElo "1102"]
[Opening "Queen's pawn game"]
[ECO "D02"]
[Time "14:00:33"]
[TimeControl "2700+45"]

1. d4 d5 2. Nf3 e6 3. Bf4 Bd6 4. Bxd6 Qxd6 5. e3 f5 6. c4 c6 7. Nc3 Nf6 8. Bd3
Ne4 9. O-O O-O 10. Rc1 Nd7 11. cxd5 exd5 12. Re1 b6 13. Qb3 Ndf6 14. Ne5 Bb7 15.
f3 Nxc3 16. Qxc3 Rac8 17. Bxf5 Rc7 18. b4 c5 19. bxc5 bxc5 20. dxc5 Rxc5 21.
Qxc5 Qxe5 22. Bh3 Rc8 23. Bxc8 Bxc8 24. Qxc8+ Ne8 25. e4 Kf7 26. Qf5+ Qxf5 27.
exf5 d4 28. Rcd1 {Black resigns} 1-0

[Event "Team 45 45 League T49"]
[Site "Internet Chess Club"]
[Date "2011.06.17"]
[Round "6"]
[White "tcianciola"]
[Black "KidRattler"]
[Result "1/2-1/2"]
[WhiteElo "1194"]
[BlackElo "1201"]
[Opening "Queen's gambit declined"]
[ECO "D30"]
[Time "08:47:24"]
[TimeControl "2700+45"]

1. d4 d5 2. c4 e6 3. Nf3 Nf6 4. g3 Bb4+ 5. Nc3 Ne4 6. Bd2 Nxc3 7. bxc3 Be7 8.
cxd5 Qxd5 9. Bg2 Qd8 10. O-O O-O 11. e4 Nc6 12. Bf4 b6 13. Ne5 Nxe5 14. Bxe5 Bf6
15. Bxf6 gxf6 16. Qg4+ Kh8 17. e5 f5 18. Qh5 Rb8 19. Rad1 Qe8 20. g4 fxg4 21.
Be4 f5 22. Qxe8 Rxe8 23. Bc6 Re7 24. c4 Bd7 25. Bxd7 Rxd7 26. Rfe1 Rbd8 27. d5
Kg7 28. Kg2 b5 29. cxb5 Rxd5 30. Rxd5 Rxd5 31. a4 Rd4 32. f4 Rxf4 33. Rc1 Rxa4
34. Rxc7+ Kg6 35. Re7 Ra5 36. Rxe6+ Kf7 37. Rh6 Rxb5 38. e6+ Ke7 39. Rxh7+ Kxe6
40. Rxa7 f4 41. Ra2 Rb3 42. Kf2 g3+ 43. hxg3 {Game drawn by mutual agreement}
1/2-1/2

[Event "Team 45 45 League T49"]
[Site "Internet Chess Club"]
[Date "2011.06.19"]
[Round "6"]
[White "kjs110"]
[Black "artspir"]
[Result "1-0"]
[WhiteElo "1052"]
[BlackElo "1098"]
[Opening "Caro-Kann defense"]
[ECO "B15"]
[Time "20:00:24"]
[TimeControl "2700+45"]

1. e4 c6 2. d4 d5 3. Nc3 Nf6 4. f3 e6 5. Bg5 Bb4 6. a3 Ba5 7. b4 Bb6 8. Na4 O-O
9. c3 Nbd7 10. Bd3 Qc7 11. Ne2 a5 12. e5 Ne8 13. Be7 axb4 14. axb4 f6 15. Bxf8
Nxf8 16. Nxb6 Qxb6 17. Rxa8 Bd7 18. Qa4 fxe5 19. Qa5 Qxa5 20. Rxa5 Nf6 21. dxe5
Ne8 22. Ra7 Bc8 23. Ra8 Bd7 24. Rb8 b5 25. Nd4 g6 26. Nxe6 Nxe6 27. Rb7 Bc8 28.
Re7 N8g7 29. Kd2 Nf4 30. g3 Kf8 31. Rc7 Bh3 32. gxf4 Ne6 33. Rxh7 Bg2 34. Ra1
Kg8 35. Re7 Ng7 36. Ra8+ Kh7 37. Raa7 Kh6 38. Rxg7 {Black resigns} 1-0

[Event "Team 45 45 League T49"]
[Site "Internet Chess Club"]
[Date "2011.06.18"]
[Round "6"]
[White "guyd52"]
[Black "mrmarck"]
[Result "0-1"]
[WhiteElo "1188"]
[BlackElo "1279"]
[Opening "Réti: King's Indian attack (Barcza system)"]
[ECO "A07"]
[Time "11:00:40"]
[TimeControl "2700+45"]

1. Nf3 d5 2. g3 Nf6 3. Bg2 Nc6 4. d3 Bf5 5. O-O e6 6. Nbd2 Bd6 7. b3 Qe7 8. Bb2
O-O-O 9. Re1 h6 10. Rc1 g5 11. c4 Kb8 12. c5 Bxg3 13. fxg3 Rhg8 14. Ne5 Nxe5 15.
Bxe5 h5 16. Nf3 Ng4 17. Bd4 h4 18. h3 Nf6 19. g4 Nxg4 20. hxg4 Bxg4 21. Rf1 h3
22. Nh2 Bf5 23. e4 hxg2 24. Rf3 dxe4 25. dxe4 Bxe4 26. Bf6 Rxd1+ 27. Rxd1 Qxc5+
28. Rf2 b6 29. Ng4 Kb7 30. Bd4 Qe7 31. Ne3 g4 32. Rf4 Bf3 33. Bf6 Qc5 34. Bd4
Qh5 35. Nxg2 Bxd1 36. Be5 {White resigns} 0-1

[Event "Team 45 45 League T49"]
[Site "Internet Chess Club"]
[Date "2011.06.19"]
[Round "6"]
[White "BosqueVerde"]
[Black "carolinaknight"]
[Result "0-1"]
[WhiteElo "1213"]
[BlackElo "1248"]
[Opening "Nimzo-Indian: classical variation"]
[ECO "E32"]
[Time "18:07:44"]
[TimeControl "2700+45"]

1. d4 e6 2. c4 Bb4+ 3. Nc3 Nf6 4. Qc2 b6 5. Bg5 O-O 6. Nf3 Bb7 7. e4 Bxe4 8.
Qxe4 Nxe4 9. Bxd8 Nxc3 10. a3 Ba5 11. b4 Rxd8 12. bxa5 bxa5 13. Bd3 Nc6 14. O-O
Rab8 15. Ng5 f5 16. Rfc1 Na4 17. d5 Nd4 18. Ra2 Rb2 19. Rxb2 Nxb2 20. Bf1 Rb8
21. g3 Rb3 22. a4 Nxa4 23. Rd1 Nf3+ 24. Nxf3 Rxf3 25. dxe6 d6 26. Bg2 Rc3 27.
Bd5 Kf8 28. Re1 Ke7 29. Rb1 Nc5 30. Rb5 a4 31. Ra5 a6 32. h4 Rb3 33. Kg2 Rb6 34.
Kf3 c6 35. Kf4 cxd5 36. cxd5 g6 37. g4 Rb4+ 38. Kg5 fxg4 39. h5 Ne4+ 40. Kh6
gxh5 41. Rxa6 Nxf2 42. Ra7+ Ke8 43. Kg7 g3 44. Kg8 Rg4+ 45. Kxh7 g2 46. Ra8+ Ke7
47. Ra7+ Ke8 48. Ra8+ Ke7 49. Ra7+ Ke8 50. Ra8+ Ke7 51. Ra7+ Kf6 52. Rf7+ Ke5
53. e7 Rg8 54. Rxf2 g1=Q 55. Re2+ Kxd5 56. Rd2+ Ke6 57. Re2+ Kd7 58. e8=Q+ Rxe8
59. Rxe8 Kxe8 {White resigns} 0-1

[Event "Team 45 45 League T49"]
[Site "Internet Chess Club"]
[Date "2011.06.20"]
[Round "6"]
[White "wekabird"]
[Black "Traho"]
[Result "0-1"]
[WhiteElo "1192"]
[BlackElo "1239"]
[Opening "English opening"]
[ECO "A13"]
[Time "22:00:12"]
[TimeControl "2700+45"]

1. c4 e6 2. Nc3 d5 3. cxd5 exd5 4. d4 Bb4 5. h3 c6 6. Nf3 Nf6 7. a3 Ba5 8. b4
Bc7 9. Bg5 h6 10. Bc1 O-O 11. g3 b5 12. Bg2 Re8 13. O-O a5 14. Bd2 Ne4 15. e3
Bf5 16. Nxe4 Bxe4 17. Ne1 Bxg2 18. Nxg2 a4 19. Re1 Nd7 20. Rc1 Ra6 21. Qf3 Nf6
22. Nf4 Ne4 23. Red1 Ng5 24. Qg4 Qe7 25. h4 Ne4 26. Nh5 g6 27. Nf4 Nf6 28. Qe2
h5 29. Rc2 Ne4 30. Rdc1 Qd7 31. Kg2 Bxf4 32. gxf4 Nxd2 33. Rxd2 Qg4+ 34. Qxg4
hxg4 35. Kg3 f5 36. Rdc2 Re6 37. Rh1 Ra7 38. h5 Rh7 39. Rcc1 Rxh5 40. Rxh5 gxh5
41. Rh1 Rh6 42. Rh4 Kf7 43. f3 Kf6 44. fxg4 fxg4 45. Rh2 Kf5 46. Rh4 Ke4 47. Kf2
Kf5 48. Kg3 Kg6 49. Kf2 Rh7 50. Kg3 Re7 51. Kf2 Re4 52. Rh2 g3+ 53. Kxg3 Rxe3+
54. Kh4 Re4 55. Rg2+ Kh6 56. Rg5 Rxf4+ 57. Kg3 Rxd4 58. Re5 Rd3+ 59. Kf4 Rxa3
60. Re6+ Kg7 61. Rxc6 Rb3 62. Rc7+ Kf6 63. Rc6+ Ke7 64. Ke5 Rxb4 65. Rd6 Re4+
66. Kxd5 Re1 67. Rc6 a3 68. Rc7+ Kd8 69. Rh7 a2 70. Kd6 Kc8 71. Rh8+ Kb7 72.
Rh7+ Kb6 73. Rh6 Rd1+ 74. Ke7+ Ka5 75. Rh8 a1=Q 76. Ra8+ Kb4 77. Rxa1 Rxa1 78.
Kf6 Rg1 79. Kf5 h4 80. Kf4 h3 81. Kf3 h2 {White resigns} 0-1

[Event "Team 45 45 League T49"]
[Site "Internet Chess Club"]
[Date "2011.06.18"]
[Round "6"]
[White "WannaB"]
[Black "WilmaP"]
[Result "1-0"]
[WhiteElo "1152"]
[BlackElo "1189"]
[Opening "French: advance, Paulsen attack"]
[ECO "C00"]
[Time "13:00:01"]
[TimeControl "2700+45"]

1. e4 e6 2. Nf3 d5 3. e5 c5 4. c3 Nc6 5. d4 Qb6 6. Nbd2 a6 7. Bd3 c4 8. Bc2 Nge7
9. a3 Ng6 10. O-O Be7 11. b3 O-O 12. bxc4 dxc4 13. Nxc4 Qb5 14. Bd3 Qd5 15. Nb6
Qa5 16. Nxa8 Bd7 17. Bd2 Rxa8 18. c4 Qc7 19. c5 b6 20. cxb6 Qxb6 21. Bc3 Nf4 22.
Rb1 Qc7 23. Bc2 f6 24. Bb4 Bxb4 25. axb4 Qb7 26. Qd2 fxe5 27. dxe5 Nd5 28. Qd3
g6 29. Ng5 Nf4 30. Qe4 Nd5 31. Qh4 Bc8 32. Qxh7+ Qxh7 33. Nxh7 Kxh7 34. Rfe1 Nc3
35. Rb3 Nd5 36. Rbb1 Ncxb4 37. Be4 Rb8 38. Bxd5 exd5 39. e6 Bxe6 40. Rxe6 d4 41.
Re7+ Kh6 42. g3 d3 43. Rd7 a5 44. Kg2 Rc8 45. g4 Rc4 46. h3 Kg5 47. Kg3 a4 48.
h4+ Kf6 49. Rd6+ Ke5 50. Rxg6 a3 51. h5 d2 52. Rg5+ Ke4 53. h6 Nc2 54. h7 a2 55.
Ra1 Nxa1 56. h8=Q Nc2 57. Qe5+ Kd3 58. Qf5+ Kc3 59. Qa5+ Nb4 60. Rc5 d1=Q 61.
Qa3+ Kd4 62. Qe3# {Black checkmated} 1-0

[Event "Team 45 45 League T49"]
[Site "Internet Chess Club"]
[Date "2011.06.22"]
[Round "6"]
[White "RD1974"]
[Black "Duguesclin"]
[Result "0-1"]
[WhiteElo "1614"]
[BlackElo "1653"]
[Opening "Sicilian: closed, 2...Nc6"]
[ECO "B23"]
[Time "15:03:49"]
[TimeControl "2700+45"]

1. e4 c5 2. Nc3 Nc6 3. d3 d6 4. g3 Nf6 5. h3 g6 6. Bg2 Bg7 7. Be3 e5 8. Nf3 O-O
9. Qd2 Be6 10. O-O Qd7 11. Kh2 a6 12. Bh6 b5 13. Bxg7 Kxg7 14. Ng5 Nd4 15. f4
Qe7 16. Nxe6+ fxe6 17. Ne2 Rad8 18. Nxd4 exd4 19. Qa5 Qa7 20. g4 e5 21. c3 dxc3
22. bxc3 Nd7 23. f5 Qb6 24. Qa3 a5 25. Qb2 b4 26. g5 bxc3 27. Qxc3 Qb4 28. f6+
Kf7 29. Qc2 Rb8 30. Rfb1 Qd4 31. Qc4+ Qxc4 32. dxc4 Rb4 33. Rd1 Ke6 34. h4 Nxf6
35. Bh3+ Ke7 36. gxf6+ Rxf6 37. Rf1 Rxc4 38. Rxf6 Kxf6 39. Bg2 Rc2 40. a4 Rd2
41. Ra3 Rd4 42. Kg3 h5 43. Kf3 g5 44. hxg5+ Kxg5 45. Bf1 h4 46. Bb5 h3 47. Kg3
Rxe4 48. Kxh3 Kf4 49. Kg2 Re3 50. Ra1 d5 51. Rc1 c4 52. Rd1 Ke4 53. Bc6 Rd3 54.
Re1+ Kd4 55. Bb5 e4 56. Re2 Rb3 57. Rd2+ Kc5 58. Rc2 c3 59. Kg3 d4 60. Kf4 d3
61. Rh2 Kd4 62. Rh6 c2 63. Rd6+ Kc3 64. Rc6+ Kb2 65. Kxe4 d2 66. Bc4 c1=Q 67.
Bd5 Qxc6 68. Bxc6 d1=Q {White resigns} 0-1

[Event "Team 45 45 League T49"]
[Site "Internet Chess Club"]
[Date "2011.06.21"]
[Round "6"]
[White "aphort0212"]
[Black "leo6"]
[Result "0-1"]
[WhiteElo "1652"]
[BlackElo "1744"]
[Opening "Scotch gambit"]
[ECO "C44"]
[Time "20:01:08"]
[TimeControl "2700+45"]

1. e4 e5 2. Nf3 Nc6 3. d4 exd4 4. Bc4 Bc5 5. Ng5 d5 6. Bxd5 Ne5 7. f4 h6 8. Rf1
Bg4 9. Qd2 hxg5 10. fxe5 Be6 11. Bxb7 Rb8 12. Bc6+ Kf8 13. Qxg5 Qxg5 14. Bxg5
Rxb2 15. Bd5 Bxd5 16. exd5 Rxh2 17. Nd2 Rxg2 18. Bf4 g5 19. Ne4 Bb4+ 20. Bd2
Bxd2+ 21. Nxd2 Rxc2 22. Nf3 d3 23. Nd4 Rb2 24. d6 cxd6 25. exd6 Ke8 26. Nc6 Nh6
27. d7+ Kxd7 28. Ne5+ Ke7 29. Nc6+ Kd6 30. Rf6+ Kc7 31. Nd4 Rg1+ 32. Rf1 d2+ 33.
Kf2 d1=Q+ 34. Kxg1 Qg4+ {White resigns} 0-1

[Event "Team 45 45 League T49"]
[Site "Internet Chess Club"]
[Date "2011.06.16"]
[Round "6"]
[White "Warpdrive"]
[Black "sdcohle"]
[Result "1-0"]
[WhiteElo "1636"]
[BlackElo "1355"]
[Opening "French: Rubinstein variation"]
[ECO "C03"]
[Time "21:00:29"]
[TimeControl "2700+45"]

1. e4 e6 2. d4 d5 3. Nd2 dxe4 4. Nxe4 Nd7 5. Nf3 Ngf6 6. Bd3 Be7 7. O-O O-O 8.
c3 b6 9. Re1 Bb7 10. Qc2 h6 11. Bf4 Nxe4 12. Bxe4 Bxe4 13. Qxe4 Nf6 14. Qc2 Bd6
15. Qd2 Bxf4 16. Qxf4 Qd6 17. Ne5 Nd7 18. Rad1 f6 19. Ng6 Qxf4 20. Nxf4 e5 21.
Ng6 Rfe8 22. dxe5 Nxe5 23. Nxe5 Rxe5 24. Rxe5 fxe5 25. Rd7 c5 26. f3 Kf8 27. Kf2
a5 28. Ke3 Rb8 29. Ke4 Kg8 30. Rd5 c4 31. Rxe5 b5 32. Kd4 Kf7 33. f4 Kf6 34. g4
g6 35. h4 Rd8+ 36. Rd5 Rb8 37. Rd6+ Kf7 38. f5 gxf5 39. gxf5 h5 40. Kc5 Re8 41.
Kxb5 Re4 42. Rd4 Re5+ 43. Kxc4 Rxf5 44. b4 axb4 45. cxb4 Ke6 46. a4 Ke5 47. Rd5+
Kf4 48. Rxf5+ Kxf5 49. b5 Kg4 50. b6 Kxh4 51. b7 Kg4 52. b8=Q h4 53. Qg8+ Kh3
54. a5 Kh2 55. a6 h3 56. Qb8+ Kg2 57. a7 h2 58. Qxh2+ Kxh2 59. a8=Q Kg3 60. Qf8
Kg4 61. Kd4 Kg5 62. Ke4 Kg6 63. Kf4 Kh7 64. Qf7+ Kh6 65. Qg8 Kh5 66. Qg5# {Black
checkmated} 1-0

[Event "Team 45 45 League T49"]
[Site "Internet Chess Club"]
[Date "2011.06.20"]
[Round "6"]
[White "drsigmund1"]
[Black "Bible-Believer"]
[Result "0-1"]
[WhiteElo "1469"]
[BlackElo "1489"]
[Opening "Sicilian defense"]
[ECO "B41"]
[Time "14:00:22"]
[TimeControl "2700+45"]

1. e4 c5 2. Nf3 e6 3. d4 cxd4 4. c3 Nc6 5. cxd4 d5 6. e5 Qb6 7. a3 Nge7 8. Nc3
Nf5 9. Bb5 Bd7 10. Bxc6 bxc6 11. g4 Nh6 12. h3 c5 13. Na4 Qa5+ 14. Bd2 Qxa4 15.
Qxa4 Bxa4 {White resigns} 0-1